 Dungeon Crawl Stone Soup version 0.23.0-3-gf3c87f2 (webtiles) character file.

Game seed: 17012126684431758963

6006 Monsterracer the Cleaver (level 10, 0/90 HPs)
             Began as a Hill Orc Warper on Feb 22, 2019.
             Was a Priest of Qazlal.
             Killed from afar by EtherCrawl's ghost (16 damage)
             ... with a lance of force
             ... on level 7 of the Dungeon.
             The game lasted 00:12:28 (9935 turns).

Monsterracer the Cleaver (Hill Orc Warper)          Turns: 9935, Time: 00:12:29

Health: 0/90       AC: 20    Str: 20    XL:     10   Next: 85%
Magic:  0/8        EV: 12    Int: 13    God:    Qazlal [***...]
Gold:   121        SH:  0    Dex: 17    Spells: 12/12 levels left

rFire    + . .     SeeInvis .   a - +1 hand axe
rCold    + . .     Gourm    .   (no shield)
rNeg     . . .     Faith    .   l - +0 plate armour
rPois    .         Spirit   +   B - +1 helmet
rElec    .         Reflect  .   o - scarf {Spirit}
rCorr    .         Harm     .   q - +0 pair of gloves
MR       .....                  C - +2 pair of boots
Stlth    ..........             z - amulet "Geure" {rC+ Regen+ MP-9 Str+2}
HPRegen  0.65/turn              i - +2 ring of dexterity
MPRegen  0.11/turn              F - ring of protection from fire

@: confused, agile, very slightly contaminated, hasted, very quick
A: no striking features
a: Upheaval, Elemental Force, Renounce Religion


You were on level 7 of the Dungeon.
You worshipped Qazlal.
Qazlal was most pleased with you.
You were not hungry.

You visited 2 branches of the dungeon, and saw 9 of its levels.

You collected 623 gold pieces.
You spent 502 gold pieces at shops.

Inventory:

Hand Weapons
 a - a +1 hand axe (weapon)
 b - the +8 mace of Diomoq {flame, rPois MP+9}
   (You found it on level 8 of the Dungeon)

   It has been specially enchanted to burn those struck by it, causing extra
   injury to most foes and up to half again as much damage against particularly
   susceptible opponents.
   It protects you from poison.
   It affects your magic capacity (+9).
Armour
 l - a +0 plate armour (worn)
   (You found it on level 1 of the Dungeon)
 o - a scarf of spirit shield (worn)
   (You found it on level 3 of the Dungeon)
 q - a +0 pair of gloves (worn)
   (You found it on level 5 of the Dungeon)
 B - a +1 helmet (worn)
   (You found it on level 2 of the Dungeon)
 C - a +2 pair of boots (worn)
   (You found it on level 8 of the Dungeon)
Jewellery
 i - a +2 ring of dexterity (left hand)
   (You found it on level 5 of the Dungeon)
 z - the amulet "Geure" (around neck) {rC+ Regen+ MP-9 Str+2}
   (You found it on level 5 of the Dungeon)

   [amulet of regeneration]

   It affects your strength (+2).
   It protects you from cold.
   It affects your magic capacity (-9).
   It increases your rate of regeneration.
 F - a ring of protection from fire (right hand)
   (You found it on level 7 of the Dungeon)
Wands
 e - a wand of acid (8)
   (You found it on level 2 of the Dungeon)
 f - a wand of scattershot (8)
   (You found it on level 8 of the Dungeon)
 s - a wand of iceblast (20)
   (You found it on level 4 of the Dungeon)
 v - a wand of disintegration (13)
   (You found it on level 6 of the Dungeon)
 w - a wand of paralysis (10)
   (You found it on level 6 of the Dungeon)
Scrolls
 k - 3 scrolls of fear {!r}
 m - 2 scrolls of magic mapping
 p - a scroll of enchant weapon
 r - 6 scrolls of remove curse
 t - 3 scrolls of teleportation {!r}
 x - a scroll of brand weapon
 y - 3 scrolls of fog
 X - 3 scrolls of blinking
Potions
 d - 3 potions of flight
 g - a potion of agility
 j - a potion of might
Comestibles
 c - 22 rations
 n - 7 chunks of flesh


   Skills:
 + Level 8.7 Fighting
 * Level 12.9 Axes
 - Level 0.8 Throwing
 + Level 7.5 Armour
 - Level 1.5 Dodging
 - Level 1.5 Spellcasting
   Level 2.4 Translocations
 * Level 9.9 Invocations


You had 12 spell levels left.
You didn't know any spells.
Your spell library contained the following spells:

 Spells                   Type           Power        Failure   Level  Hunger
 Blink                    Tloc           N/A          97%         2    ###....
 Shroud of Golubria       Chrm/Tloc      #.........   99%         2    ###....
 Gell's Gravitas          Tloc           #.........   99%         3    ####...
 Lesser Beckoning         Tloc           #.........   99%         3    ####...
 Teleport Other           Tloc           #.......     99%         3    ####...
 Passage of Golubria      Tloc           N/A          100%        4    #####..


Dungeon Overview and Level Annotations

Branches:
Dungeon (8/15)             Temple (1/1) D:5            Lair (0/6) D:8

Altars:
Ashenzari
Cheibriados
Dithmenos
Elyvilon
Fedhas
Gozag
Hepliaklqana
Kikubaaqudgha
Makhleb
Nemelex Xobeh
Okawaru
Qazlal
Ru
Sif Muna
Trog
Uskayaw
Vehumet
Wu Jian
Xom
Yredelemnul
Zin
The Shining One
Beogh

Shops:
D:4 *%*(?

Annotations:
D:7 EtherCrawl's ghost, novice DECj
D:8 1 runed translucent door


Message History

Okay, then.
The orc throws a stone.
The orc priest mumbles some strange prayers to Beogh against something.
The orc writhes in agony.
Evoke which item? (* to show all) (? for menu, Esc to quit)
Aiming: Cloud Cone
Press: ? - help, Dir - move target cursor, f - EtherCrawl's ghost
Aim: EtherCrawl's ghost (lightly damaged)
You create a blast of noxious fumes!
The now-empty wand crumbles to dust.
The orc is engulfed in noxious fumes.
The orc appears confused.
The orc is engulfed in noxious fumes.
The orc appears confused.
The orc hits EtherCrawl's ghost but does no damage.
The orc is engulfed in noxious fumes.
The orc appears confused.
EtherCrawl's ghost gestures at you while chanting.
The spray of energy hits you!
* * * LOW HITPOINT WARNING * * *
You are confused.
The orc warrior is engulfed in noxious fumes.
The orc priest is engulfed in noxious fumes.
You take 16 damage, and have 17/90 hp.
You now have 2/8 mp.
Okay, then.
You barely miss EtherCrawl's ghost.
EtherCrawl's ghost is lightly damaged.
The orc is engulfed in noxious fumes.
The orc appears confused.
The orc is engulfed in noxious fumes.
The orc appears confused.
The orc is engulfed in noxious fumes.
The orc appears confused.
You bump into the rock wall.
EtherCrawl's ghost casts a spell at you.
The spray of energy misses you.
The orc priest is engulfed in noxious fumes.
The orc priest appears confused.
The orc is engulfed in noxious fumes.
The orc appears confused.
The orc is engulfed in noxious fumes.
The orc appears confused.
The orc is engulfed in noxious fumes.
The orc appears confused.
The orc barely misses the orc.
The orc priest is engulfed in noxious fumes.
The orc priest appears confused.
The orc is engulfed in noxious fumes.
The orc appears confused.
The orc is engulfed in noxious fumes.
The orc appears confused.
The orc is engulfed in noxious fumes.
The orc appears confused.
The orc hits the orc with a +0 dagger.
The orc is killed!
Qazlal accepts your kill.
You hit EtherCrawl's ghost.
EtherCrawl's ghost is lightly damaged.
EtherCrawl's ghost hits you but does no damage.
The orc priest is engulfed in noxious fumes.
The orc priest appears confused.
The orc is engulfed in noxious fumes.
The orc appears confused.
The orc priest is engulfed in noxious fumes.
The orc priest appears confused.
The orc is engulfed in noxious fumes.
The orc appears confused.
The orc is engulfed in noxious fumes.
The orc appears confused.
The orc priest is engulfed in noxious fumes.
The orc priest appears confused.
You feel less confused.
The orc is engulfed in noxious fumes.
The orc appears confused.
The orc hits the orc priest with a +0 dagger.
The orc priest is engulfed in noxious fumes.
The orc priest appears confused.
Press: ? - help, v - describe, . - travel The floor.
EtherCrawl's ghost gestures at you while chanting.
The orc priest is engulfed in noxious fumes.
The orc priest appears confused.
The orc priest barely misses the orc.
Qazlal accepts your kill.
You can now give life to nearby clouds.
You feel a bit more experienced.
Okay, then.
Evoke which item? (* to show all) (? for menu, Esc to quit)
Aiming: Corrosive Bolt
Press: ? - help, Shift-Dir - straight line, f/p - EtherCrawl's ghost
Aim: EtherCrawl's ghost (lightly damaged)
The bolt of acid misses EtherCrawl's ghost.
There is an open door here.
You flicker for a moment.
EtherCrawl's ghost gestures at you while chanting.
The orb of energy misses you.
You flicker back into view.
EtherCrawl's ghost casts a spell at you.
The spray of energy hits you!
* * * LOW HITPOINT WARNING * * *
You are confused.
You take 6 damage, and have 25/90 hp.
Okay, then.
You feel agile all of a sudden.
EtherCrawl's ghost casts a spell at you.
The spray of energy hits you!
* * * LOW HITPOINT WARNING * * *
You are more confused.
You take 13 damage, and have 13/90 hp.
You now have 1/8 mp.
Unknown command.
Okay, then.
You feel yourself speed up.
Okay, then.
Evoke which item? (* to show all) (? for menu, Esc to quit)
Okay, then.
You bump into the rock wall.
You're too confused!
You bump into the rock wall.
EtherCrawl's ghost casts a spell at you.
The lance of force hits you!
You die...

####')o######......#...#
............#......#...#
...#####....##(#####o..#
###.....###.#..........#
#8#..8..#8#.#..........#
............#..........#
....._[....8#####W.....#
#############.###......#
....#.....#....☼@......#
....#.....#............#
....#.....#............#
....#.....#............#
....#.....#............#
....#.....#......(.....#
#####.....#...##.......#
........########.......#
........'..........(...#


You could see an orc warrior and EtherCrawl's ghost.

Vanquished Creatures
  3 death yaks (D:8)
  The ghost of EtherCrawl the Sneak, a novice SpEn of Dithmenos (D:5)
  Sigmund (D:2)
  A soldier ant (D:8)
  A porcupine (D:8)
  2 orc warriors (D:6 D:7)
  3 phantoms (D:5 D:7)
  A necrophage (D:8)
  4 ogres (D:4 D:7 D:8)
  3 centaurs (D:5 D:7)
  A crocodile (D:7)
  2 big kobolds (D:7 D:8)
  4 bullfrogs (D:7 D:8)
  4 scorpions (D:4 D:7)
  5 killer bees (D:6 D:7 D:8)
  4 wights (D:8)
  5 howler monkeys (D:3 D:5 D:7)
  6 crimson imps (D:3 D:5 D:6 D:7)
  5 quasits (D:6 D:5)
  A bullfrog zombie (D:5)
  3 jellies (D:5 D:7 D:8)
  A bullfrog skeleton (D:5)
  3 hounds (D:5 D:8)
  An orc priest (D:7)
  4 orc wizards (D:5 D:6 D:7)
  Natasha (thrice) (D:4)
  3 iguanas (D:5 D:6)
  10 worker ants (D:4 D:5 D:6 D:8)
  A hell rat (D:8)
  2 hound skeletons (D:7 D:8)
  3 gnolls (D:6)
  3 river rats (D:8)
  7 adders (D:2 D:3 D:4 D:5)
  2 oozes (D:4 D:7)
  3 adder skeletons (D:4 D:5 D:7)
  2 dart slugs (D:2 D:5)
  5 leopard geckos (D:1 D:2 D:4 D:6)
  17 orcs (D:4 D:5 D:6 D:7)
  11 giant cockroaches (D:1 D:2 D:3 D:4 D:6)
  2 gnoll zombies (D:3)
  3 goblins (D:1 D:2)
  8 hobgoblins (D:1 D:2 D:3)
  7 jackals (D:5 D:6)
  14 kobolds (D:1 D:3 D:7 D:8)
  9 quokkas (D:3 D:4 D:5 D:7 D:8)
  2 ball pythons (D:4 D:5)
  7 bats (D:1 D:2 D:3)
  6 frilled lizards (D:1 D:2 D:3 D:5)
  A jackal skeleton (D:4)
  A jackal zombie (D:8)
  A leopard gecko zombie (D:5)
  A quokka zombie (D:6)
  7 rats (D:1 D:3)
  A butterfly (D:8)
211 creatures vanquished.

Vanquished Creatures (others)
  An orc (D:5)
1 creature vanquished.

Grand Total: 212 creatures vanquished

Notes
Turn   | Place    | Note
-------+----------+-------------------------------------------
     0 | D:1      | Monsterracer the Hill Orc Warper began the quest for the
                  | Orb.
     0 | D:1      | Reached XP level 1. HP: 18/18 MP: 3/3
    86 | D:1      | Reached skill level 3 in Axes
   154 | D:1      | Reached XP level 2. HP: 21/25 MP: 4/4
   445 | D:1      | HP: 12/25 [leopard gecko (1)]
  1056 | D:2      | Found a shadowy altar of Dithmenos.
  1077 | D:2      | Reached skill level 4 in Axes
  1126 | D:2      | Noticed Sigmund
  1129 | D:2      | Reached XP level 3. HP: 31/31 MP: 5/5
  1362 | D:2      | Found a deep blue altar of Sif Muna.
  1770 | D:2      | Killed Sigmund
  1770 | D:2      | Reached skill level 5 in Axes
  1770 | D:2      | Reached XP level 4. HP: 21/40 MP: 6/6
  1770 | D:2      | Reached XP level 5. HP: 24/46 MP: 7/7
  2264 | D:3      | Reached skill level 6 in Axes
  2264 | D:3      | Reached XP level 6. HP: 52/52 MP: 8/8
  2920 | D:3      | Found a basalt altar of Yredelemnul.
  3099 | D:4      | Found Vuerghemm's Food Boutique.
  3204 | D:4      | Noticed Natasha
  3218 | D:4      | Killed Natasha
  3245 | D:4      | Found Gyeroly's Antique Weapon Shoppe.
  3452 | D:4      | Found Xogext's Magic Scroll Emporium.
  3457 | D:4      | Bought a scroll of teleportation for 36 gold pieces
  3457 | D:4      | Bought a scroll of fear for 42 gold pieces
  3457 | D:4      | Bought a scroll of identify for 24 gold pieces
  3457 | D:4      | Bought a scroll of identify for 24 gold pieces
  3457 | D:4      | Bought a scroll of magic mapping for 42 gold pieces
  3457 | D:4      | Bought a scroll of magic mapping for 42 gold pieces
  3457 | D:4      | Bought a scroll of identify for 24 gold pieces
  3463 | D:4      | Reached skill level 7 in Axes
  3506 | D:4      | Reached XP level 7. HP: 35/60 MP: 7/9
  3511 | D:4      | HP: 30/60 [poisoned by an adder]
  3517 | D:4      | HP: 28/60 [poisoned by an adder]
  3525 | D:4      | HP: 27/60 [poisoned by an adder]
  3533 | D:4      | HP: 26/60 [poisoned by an adder]
  3534 | D:4      | Noticed Natasha
  3786 | D:4      | HP: 19/60 [ogre/+0 giant spiked club (20)]
  3791 | D:4      | Reached skill level 5 in Fighting
  3950 | D:4      | HP: 30/61 [poisoned by a scorpion]
  3955 | D:4      | HP: 28/61 [poisoned by a scorpion]
  3960 | D:4      | HP: 27/61 [poisoned by a scorpion]
  3967 | D:4      | HP: 26/61 [poisoned by a scorpion]
  3975 | D:4      | HP: 26/61 [poisoned by a scorpion]
  4167 | D:4      | Killed Natasha
  4253 | D:4      | Noticed Natasha
  4270 | D:4      | Killed Natasha
  4270 | D:4      | Reached skill level 8 in Axes
  4386 | D:4      | Found Syunaol's General Store.
  4434 | D:4      | HP: 28/61 [ogre/+0 giant club (4)]
  4710 | D:4      | Found Enifagh's General Store.
  4713 | D:4      | Bought a potion of might for 48 gold pieces
  4850 | D:5      | Entered Level 5 of the Dungeon
  4871 | D:5      | Found a staircase to the Ecumenical Temple.
  4875 | D:5      | Found a snail-covered altar of Cheibriados.
  4883 | D:5      | Got a heavily runed bronze amulet
  4884 | D:5      | Identified the amulet "Geure" {rC+ Regen+ MP-9 Str+2} (You
                  | found it on level 5 of the Dungeon)
  4907 | D:5      | HP: 29/61 [centaur (3)]
  4912 | D:5      | Reached XP level 8. HP: 24/70 MP: 1/10
  4912 | D:5      | HP: 23/70 [orc/+0 trident (1)]
  4920 | D:5      | HP: 25/70 [orc/+0 trident (3)]
  4935 | D:5      | Reached skill level 9 in Axes
  4941 | Temple   | Entered the Ecumenical Temple
  4962 | Temple   | Became a worshipper of Qazlal Stormbringer
  5227 | D:5      | Found a transporter.
  5232 | D:5      | Noticed EtherCrawl's ghost (novice SpEn)
  5293 | D:5      | Found a transporter.
  5296 | D:5      | Found an opulent altar of Gozag.
  5321 | D:5      | Reached skill level 1 in Invocations
  5465 | D:5      | Reached skill level 5 in Armour
  5797 | D:6      | Found an ancient bone altar of Kikubaaqudgha.
  6213 | D:4      | Bought a scroll of brand weapon for 220 gold pieces
  6687 | D:6      | Reached * piety under Qazlal
  6687 | D:6      | Reached skill level 10 in Axes
  6931 | D:6      | Reached XP level 9. HP: 41/78 MP: 3/12
  6932 | D:6      | HP: 38/78 [killer bee (3)]
  6937 | D:6      | HP: 27/78 [poisoned by a killer bee]
  6942 | D:6      | HP: 23/78 [poisoned by a killer bee]
  6943 | D:6      | Reached skill level 5 in Invocations
  6947 | D:6      | HP: 18/78 [poisoned by a killer bee]
  6952 | D:6      | HP: 16/78 [poisoned by a killer bee]
  6957 | D:6      | HP: 17/78 [poisoned by a killer bee]
  6964 | D:6      | HP: 18/78 [poisoned by a killer bee]
  6971 | D:6      | HP: 20/78 [poisoned by a killer bee]
  6979 | D:6      | HP: 23/78 [poisoned by a killer bee]
  7330 | D:7      | Found a runed translucent gate.
  7332 | D:7      | Noticed EtherCrawl's ghost (novice DECj)
  7333 | D:7      | Found a runed translucent gate.
  7334 | D:7      | Found a runed translucent gate.
  7600 | D:7      | Found a bloodstained altar of Trog.
  7614 | D:7      | Reached skill level 11 in Axes
  8066 | D:7      | Found a roughly hewn altar of Beogh.
  8226 | D:8      | Found a burning altar of Makhleb.
  8440 | D:8      | Found a staircase to the Lair.
  8440 | D:8      | Noticed a death yak
  8441 | D:8      | Noticed a death yak
  8442 | D:8      | Noticed a death yak
  8483 | D:8      | Killed a death yak
  8483 | D:8      | Reached XP level 10. HP: 53/88 MP: 2/16
  8510 | D:8      | Killed a death yak
  8510 | D:8      | Reached ** piety under Qazlal
  8510 | D:8      | Reached skill level 12 in Axes
  8537 | D:8      | HP: 30/88 [death yak (19)]
  8543 | D:8      | Killed a death yak
  8658 | D:8      | Got an ancient mace
  8659 | D:8      | Identified the +8 mace of Diomoq {flame, rPois MP+9} (You
                  | found it on level 8 of the Dungeon)
  8756 | D:8      | Found a runed translucent door.
  8758 | D:8      | Found a runed translucent door.
  9052 | D:8      | Found a glowing silver altar of Zin.
  9053 | D:8      | Noticed an angel
  9285 | D:8      | Found a radiant altar of Vehumet.
  9561 | D:5      | Killed EtherCrawl's ghost
  9898 | D:7      | HP: 31/90 [orc warrior/+9 halberd (19)]
  9911 | D:7      | Reached *** piety under Qazlal
  9925 | D:7      | HP: 25/90 [EtherCrawl's ghost/spray of energy (7)]
  9935 | D:7      | Killed from afar by EtherCrawl's ghost

Skill      XL: |  1  2  3  4  5  6  7  8  9 10 |
---------------+-------------------------------+-----
Axes           | 3 4 5 6 7 8 10 11 12 | 12.9
Fighting       | 3 4 5 6 8 |  8.7
Armour         | 2 3 4 5 6 7 |  7.5
Invocations    | 4 8 9 |  9.9
Throwing       | |  0.8
Dodging        | |  1.5
Spellcasting   | |  1.5
Translocations | |  2.4

Action                   |  1- 3 |  4- 6 |  7- 9 | 10-12 || total
-------------------------+-------+-------+-------+-------++-------
Melee: Hand axe          |   118 |   151 |   578 |   190 ||  1037
       Mace              |       |       |       |    23 ||    23
Throw: Tomahawk          |       |       |     5 |       ||     5
Evoke: Wand              |       |       |     2 |     4 ||     6
  Use: Scroll            |     6 |     2 |     8 |       ||    16
       Potion            |     1 |       |       |     3 ||     4
 Stab: Confused          |       |       |       |     3 ||     3
  Eat: Chunk             |     3 |     5 |     9 |     3 ||    20
       Ration            |       |       |     2 |     1 ||     3
Armor: Leather armour    |    18 |       |       |       ||    18
       Scale mail        |    40 |       |       |       ||    40
       Plate armour      |       |   108 |   363 |   174 ||   645
Dodge: Dodged            |    80 |    31 |   169 |    85 ||   365
Block: Other             |       |       |     9 |    27 ||    36

Levels and vault maps discovered:
D:1:      lemuel_arrival_behind_the_door_large, layout_rooms
D:2:      layout_rooms, nicolae_dithmenos_shadow_blocks, lemuel_blue_sif_altar,
          uniq_sigmund
D:3:      layout_loops_ring, lemuel_zombie_altar_yredelemnul, first_ration,
          lemuel_flame_loot_1
D:4:      layout_basic, serial_shops, kennysheep_mini_moat, shop, shop_coins,
          shop, shop, uniq_natasha
D:5:      layout_gridville, kennysheep_slug_shrine, grunt_gozag_statues,
          minmay_temple_entry_grid, gammafunk_ghost_stat_death, moated_statue,
          minmay_joined_circles
D:6:      layout_basic, kiku_gazebo_pond_becter
D:7:      layout_gridville, overflow_temple_1_default,
          biasface_ghost_orc_armoury
D:8:      lemuel_insect_pit, layout_basic, zin_angel, lemuel_round_altar,
          dpeg_lair_monsters, makhleb_blood_cavern_becter
Temple:   nicolae_temple_figure_eight
